 Dungeon Crawl Stone Soup version 0.27-a0-679-g77a6b55cf3 (webtiles) character file.

Game seed: 5330498944795571407

45 JPVeigar the Sneak (level 3, -4/16 HPs)
             Began as a Spriggan Enchanter on Mar 19, 2021.
             Slain by a gnoll
             ... wielding a +0 halberd
              (7 damage)
             ... on level 2 of the Dungeon.
             The game lasted 00:10:19 (2255 turns).

JPVeigar the Sneak (Spriggan Enchanter)             Turns: 2255, Time: 00:10:19

Health: -4/16      AC:  9    Str:  4    XL:     3   Next: 42%
Magic:  1/8        EV: 18    Int: 17    God:
Gold:   77         SH:  0    Dex: 15    Spells: 4/7 levels left

rFire    . . .     SeeInvis +   c - +2 dagger (protect)
rCold    . . .     Faith    .   (shield restricted)
rNeg     . . .     Spirit   .   b - +0 robe
rPois    .         Reflect  .   (helmet restricted)
rElec    .         Harm     .   (no cloak)
rCorr    .         Rampage  .   (gloves unavailable)
Will     .....                  (boots unavailable)
Stlth    +++.......             (no amulet)
HPRegen  0.05/turn              (no ring)
MPRegen  0.11/turn              (no ring)

@: about to teleport, protection aura, very quick
A: very small, no large weapons, unfitting armour, see invisible, speed 3
a: no special abilities


You were on level 2 of the Dungeon.
You visited 1 branch of the dungeon, and saw 2 of its levels.

You collected 77 gold pieces.

Inventory:

Hand Weapons
 a - a +1 dagger
 c - a +2 dagger of protection (weapon)
Armour
 b - a +0 robe (worn)
Scrolls
 e - a scroll of vulnerability {unknown}
Potions
 f - a potion of might {unknown}
 g - a potion of lignification {unknown}


   Skills:
 - Level 1.1 Short Blades
 + Level 3.4 Dodging
 + Level 5.1 Stealth
 - Level 2.6 Spellcasting
 * Level 4.7 Hexes


You had 4 spell levels left.
You knew the following spells:

 Your Spells              Type           Power      Damage    Failure   Level
a - Corona                Hex            20%        N/A       2%          1
b - Ensorcelled Hibernat  Hex/Ice        20%        N/A       11%         2

Your spell library contained the following spells:

 Spells                   Type           Power      Damage    Failure   Level
 Confusing Touch          Hex            18%        N/A       8%          3
 Tukima's Dance           Hex            18%        N/A       8%          3
 Dazzling Flash           Conj/Hex       20%        N/A       21%         3


Dungeon Overview and Level Annotations

Branches:
Dungeon (2/15)

Altars:
Yredelemnul


Innate Abilities, Weirdness & Mutations

You are very small and have problems with some larger weapons.
You are too small for most types of armour.
You have supernaturally acute eyesight. (SInv)
You cover ground extremely quickly. (Speed+++)


Message History

You see here a +0 leather armour.
Casting: Ensorcelled Hibernation (safe; 11% risk of failure)
Confirm with . or Enter, or press ? or * to list all spells.
Aiming: Ensorcelled Hibernation (safe; 11% risk of failure)
Press: ? - help, Shift-Dir - straight line, f - worm
Aim: a worm (chance to affect: 50%)
You miscast Ensorcelled Hibernation.
You are very lightly contaminated with residual magic.
Nothing appears to happen.
Your magical contamination has completely faded away.
You start resting.
A gnoll is nearby!
You start resting.
There are monsters nearby!
Casting: Ensorcelled Hibernation (safe; 11% risk of failure)
Confirm with . or Enter, or press ? or * to list all spells.
Aiming: Ensorcelled Hibernation (safe; 11% risk of failure)
Press: ? - help, Shift-Dir - straight line, f/p - worm
Aim: a worm (wandering, hasn't noticed you, chance to affect: 50%)
The worm resists with some effort.
Casting: Ensorcelled Hibernation (safe; 11% risk of failure)
Confirm with . or Enter, or press ? or * to list all spells.
Aiming: Ensorcelled Hibernation (safe; 11% risk of failure)
Press: ? - help, Shift-Dir - straight line, f/p - worm
Aim: a worm (chance to affect: 50%)
The worm resists with some effort.
The worm bites you!
Ouch! That really hurt!
You hit the worm.
Your weapon exudes an aura of protection.
The worm is lightly wounded.
You hit the worm.
The worm is moderately wounded.
The worm bites you.
* * * LOW HITPOINT WARNING * * *
As you read the scroll labelled ESEXUEZYGE, it crumbles to dust.
You feel strangely unstable.
It was a scroll of teleportation.
The gnoll shouts!
There are monsters nearby!
The gnoll hits you from afar with a +0 halberd!
You die...

#.......# ♣♣....# #####......>#
♣♣##.# #...#)##....# #.#
####...#.##....# #.#
.........##....## ####.#
.###...####.....############.##.#
.........##...............)......
####...#.##.....############.....
#...#.#######@.g....#####..##.
#...#)# #.#####.#.......#.
#...#.# #w##..#.#.##......
###...#.# #.##....#.##.#...#
#.....#.# #.###.....##..wg.(
#...###.# #...........##.#.#
#...# #.# #...........####.#
#...# #.##### #...........# #.g
#...###.....# #.########### ##[


You could see a worm and a gnoll.

Vanquished Creatures
  A gnoll (D:2)
  An ooze (D:2)
  A ball python (D:2)
  3 giant cockroaches
  4 goblins
  3 hobgoblins
  5 kobolds
  A quokka (D:2)
  6 bats
  4 rats
29 creatures vanquished.

Notes
Turn   | Place    | Note
-------+----------+-------------------------------------------
     0 | D:1      | JPVeigar the Spriggan Enchanter began the quest for the
                  | Orb.
     0 | D:1      | Reached XP level 1. HP: 9/9 MP: 5/5
   323 | D:1      | Reached XP level 2. HP: 13/13 MP: 4/6
   419 | D:1      | Learned a level 2 spell: Ensorcelled Hibernation
  1646 | D:2      | Reached XP level 3. HP: 16/16 MP: 2/8
  1730 | D:2      | Found a basalt altar of Yredelemnul.
  1799 | D:2      | Reached skill level 5 in Stealth
  2255 | D:2      | Slain by a gnoll

Illustrated notes

Levels and vault maps discovered:
D:1:      zelgadis_glass_arrival_small, layout_basic
D:2:      layout_basic, general_overflow_altar, uniq_crazy_yiuf_cottage

Skill      XL: |  1  2  3 |
---------------+----------+-----
Hexes          | 4 |  4.7
Dodging        | 3 |  3.4
Stealth        | 5 |  5.1
Short Blades   | |  1.1
Spellcasting   | |  2.6

Action                   || total
-------------------------++-------
Melee: Dagger            ||    87
 Cast: Corona            ||     9
       Ensorcelled Hiber ||    31
  Use: Scroll            ||     1
 Stab: Sleeping          ||    16
Armor: Robe              ||    21
Dodge: Dodged            ||    85

Table legend: (Time is in decaauts)
 A = Elapsed time spent in this place.
 B = Non-inter-level travel time spent in this place.
 C = Inter-level travel time spent in this place.
 D = Time resting spent in this place.
 E = Time spent auto-exploring this place.
 F = Levels seen in this place.
 G = Mean time per level.
                   A        B        C        D        E       F      G
               +--------+--------+--------+--------+--------+-----+--------+
         Total |   1683 |   1667 |     16 |    533 |    388 |   2 |  841.5 |
       Dungeon |   1683 |   1667 |     16 |    533 |    388 |   2 |  841.5 |
               +--------+--------+--------+--------+--------+-----+--------+

Top non-repeatable levels by time:
     D:1: 962 daAuts
     D:2: 721 daAuts
